 Dungeon Crawl Stone Soup version 0.30-a0-760-g5a9884bb7c (webtiles) character file.

Game seed: 8610558490812270012

277398 wogdood the Imperceptible (level 19, -9/235 (238) HPs)
             Began as a Vampire Brigand on Feb 10, 2023.
             Was a High Priest of Dithmenos.
             Mangled by a +7 antimagic halberd (22 damage)
             ... on level 2 of the Elven Halls on Feb 11, 2023.
             The game lasted 03:42:40 (39931 turns).

wogdood the Imperceptible (Vampire Brigand)        Turns: 39931, Time: 03:42:41

HP:   -9/235 (238)  AC: 23    Str: 12    XL:     19   Next: 17%
MP:   0/30          EV: 25    Int: 15    God:    Dithmenos [*****.]
Gold: 418           SH: 26    Dex: 25    Spells: 18/18 levels left

rFire   + + .      SeeInvis +    b - +0 demon blade (freeze)
rCold   + . .      Faith    .    R - +1 tower shield {AC+3}
rNeg    . . .      Spirit   .    H - quicksilver dragon scales
rPois   .          Reflect  +    r - +0 helmet "Zuelear" {rC+ Str+2}
rElec   .          Harm     .    c - +2 cloak
rCorr   .          Rampage  .    G - +1 pair of gloves
Will    ++...                    k - +0 pair of boots Stlth
                                 u - amulet of reflection
HPRegen 0.79/turn                O - ring of Panentheism {rF++ Dex+3 Slay+4}
MPRegen 0.22/turn                x - +5 ring of evasion

@: berserking, healing quickly, hasted, wreathed by umbra, studying Shields,
lightly drained, very quick
A: alive, fangs 3, see invisible, vampiric 2
}: 3/15 runes: decaying, serpentine, abyssal
a: Exsanguinate, Renounce Religion, Shadow Step, Shadow Form


You were on level 2 of the Elven Halls.
You worshipped Dithmenos.
Dithmenos was extremely pleased with you.
You visited 7 branches of the dungeon, and saw 33 of its levels.
You visited the Abyss 1 time.
You visited 1 bazaar.
You also visited: Bailey and Volcano.

You collected 3897 gold pieces.
You spent 3479 gold pieces at shops.

Inventory:

Hand Weapons
 a - the +7 Spriggan's Knife {stab, EV+4 Stlth+}
   (You acquired it on level 2 of the Dungeon)

   Stab:      It is more effective when stabbing unaware enemies, sometimes
   treating them as though they were completely helpless.
   EV:        It affects your evasion (+4).
   Stlth:     It makes you more stealthy.
 b - a +0 demon blade of freezing (weapon)
 f - the +3 dagger of Autumn {freeze, +Blink Int+3}
   (You found it on level 5 of the Lair of Beasts)

   Int:       It affects your intelligence (+3).
   +Blink:    It lets you blink.
 p - the +10 dagger of Utoxobusm {pain, Drain rC++ rCorr Stlth+}
   (You took it off an orc warrior on level 2 of the Orcish Mines)

   rC:        It greatly protects you from cold.
   rCorr:     It protects you from acid and corrosion.
   Drain:     It drains your maximum health when unequipped.
   Stlth:     It makes you more stealthy.
 K - the +7 quick blade "Takhle Qyrru" {freeze, rPois rF+}
   (You acquired it on level 1 of the Swamp)

   rF:        It protects you from fire.
   rPois:     It protects you from poison.
 S - a +4 rapier of electrocution
Armour
 c - a +2 cloak (worn)
 k - a +0 pair of boots (worn)
 r - the +0 helmet "Zuelear" (worn) {rC+ Str+2}
   (You found it on level 5 of the Lair of Beasts)

   Str:       It affects your strength (+2).
   rC:        It protects you from cold.
 G - a +1 pair of gloves (worn)
 H - quicksilver dragon scales (worn)
 R - a +1 tower shield of protection (worn)
Jewellery
 u - an amulet of reflection (around neck)
 x - a +5 ring of evasion (right hand)
 y - a ring of resist corrosion
 O - the ring of Panentheism (left hand) {rF++ Dex+3 Slay+4}
   (You found it on level 13 of the Dungeon)

   [ring of slaying]

   Dex:       It affects your dexterity (+3).
   Slay:      It affects your accuracy & damage with ranged weapons and melee
   (+4).
   rF:        It greatly protects you from fire.
Wands
 i - a wand of mindburst (3)
 j - a wand of iceblast (6)
 o - a wand of paralysis (18)
 q - a wand of digging (10)
 A - a wand of flame (43) (quivered)
 B - a wand of quicksilver (1)
 T - a wand of polymorph (4)
Scrolls
 m - a scroll of magic mapping
 s - 9 scrolls of fear
 D - 2 scrolls of vulnerability
 P - 4 scrolls of fog
 U - 2 scrolls of silence
 V - 6 scrolls of poison
Potions
 g - a potion of ambrosia
 h - 7 potions of curing
 l - 4 potions of cancellation
 n - 8 potions of flight
 v - a potion of brilliance
 w - 6 potions of lignification
 z - 4 potions of resistance
 J - 5 potions of magic
Miscellaneous
 I - a condenser vane
 L - a phantom mirror (inert)
 M - a box of beasts
 Q - a phial of floods
 W - a lightning rod (4/4)
 Y - a tin of tremorstones (2/2)


   Skills:
 * Level 16.5 Fighting
 - Level 2.1(7.2) Short Blades
 + Level 9.9(10.0) Long Blades
 - Level 1.5 Throwing
 + Level 7.5 Armour
 * Level 14.7 Dodging
 + Level 21.0 Stealth
 + Level 12.5 Shields
 - Level 15.0 Invocations
 + Level 7.8 Evocations


You had 18 spell levels left.
You didn't know any spells.
Your spell library contained the following spells:

 Spells                   Type           Power      Damage    Failure   Level
 Slow                     Hex            0%         N/A       95%         1
 Summon Small Mammal      Summ           0%         N/A       95%         1
 Cigotuvi's Dreadful Rot  Necr/Pois/Air  0%         N/A       98%         2
 Ensorcelled Hibernation  Hex/Ice        0%         N/A       98%         2
 Passwall                 Tmut/Erth      0%         N/A       98%         2
 Call Canine Familiar     Summ           0%         N/A       100%        3
 Confusing Touch          Hex            0%         N/A       100%        3
 Frozen Ramparts          Ice            0%         1d1       100%        3
 Inner Flame              Hex/Fire       0%         N/A       100%        3
 Summon Guardian Golem    Hex/Summ       0%         N/A       100%        3
 Swiftness                Air            0%         N/A       100%        3
 Teleport Other           Tloc           0%         N/A       100%        3
 Vampiric Draining        Necr           0%         2d6       100%        3
 Airstrike                Air            0%         2d(0-16)  100%        4
 Anguish                  Hex/Necr       0%         N/A       100%        4
 Cause Fear               Hex            0%         N/A       100%        4
 Dispel Undead            Necr           0%         3d6       100%        4
 Flame Wave               Conj/Fire      0%         2d4       100%        4
 Ice Form                 Ice/Tmut       0%         N/A       100%        4
 Olgreb's Toxic Radiance  Pois           0%         N/A       100%        4
 Passage of Golubria      Tloc           0%         N/A       100%        4
 Sticky Flame             Conj/Fire      0%         2d3       100%        4
 Summon Ice Beast         Ice/Summ       0%         N/A       100%        4
 Summon Lightning Spire   Summ/Air       0%         N/A       100%        4
 Alistair's Intoxication  Tmut/Pois      0%         N/A       100%        5
 Blade Hands              Tmut           0%         N/A       100%        5
 Borgnjor's Vile Clutch   Necr/Erth      0%         N/A       100%        5
 Fireball                 Conj/Fire      0%         3d3       100%        5
 Irradiate                Conj/Tmut      0%         3d11      100%        5
 Lightning Bolt           Conj/Air       0%         1d11      100%        5
 Summon Forest            Summ/Tloc      0%         N/A       100%        5
 Summon Mana Viper        Hex/Summ       0%         N/A       100%        5
 Death Channel            Necr           0%         N/A       100%        6
 Eringya's Noxious Bog    Tmut/Pois      0%         N/A       100%        6
 Summon Cactus Giant      Summ           0%         N/A       100%        6
 Dragon Form              Tmut           0%         N/A       100%        7
 Enfeeble                 Hex            0%         N/A       100%        7
 Monstrous Menagerie      Summ           0%         N/A       100%        7
 Orb of Destruction       Conj           0%         9d5       100%        7
 Ozocubu's Refrigeration  Ice            0%         4d7       100%        7
 Discord                  Hex            0%         N/A       100%        8
 Ignition                 Fire           0%         3d3       100%        8
 Maxwell's Capacitive Co  Air            0%         ∞         100%        8
 Dragon's Call            Summ           0%         N/A       100%        9


Dungeon Overview and Level Annotations

Branches:
Dungeon (15/15)            Temple (1/1) D:5            Lair (5/5) D:10
  Swamp (4/4) Lair:2        Snake (4/4) Lair:2        Slime (0/5) Lair:5
    Orc (2/2) D:10            Elf (2/3) Orc:2        Vaults (0/5) D:13
 Depths (0/4) D:15         Bailey (visited)         Volcano (visited)

Altars:
Ashenzari
Dithmenos
Fedhas
Gozag
Kikubaaqudgha
Makhleb
Nemelex Xobeh
Okawaru
Qazlal
Ru
Sif Muna
Trog
Uskayaw
Vehumet
Wu Jian
Xom
Yredelemnul
Jiyva

Shops:
D:1 [   D:10 :   D:11 *   Orc:1 ([(*   Orc:2 *:[*   Elf:1 !   Snake:3 *

Annotations:
Lair:1 exclusion: oklob plant


Innate Abilities, Weirdness & Mutations

Your natural rate of healing is accelerated.
You have razor-sharp teeth.
You have supernaturally acute eyesight. (SInv)
You are afflicted with vampirism and can become a bat while bloodless.


Message History

* * * LOW HITPOINT WARNING * * *
You feel your power leaking away.
You closely miss the +6 vampiric war axe.
The +6 vampiric war axe is severely damaged.
Your shadow closely misses the +6 vampiric war axe.
The +6 vampiric war axe closely misses you.
You block the +5 hand axe of draining's attack.
The +7 antimagic halberd hits you from afar!!
* * * LOW HITPOINT WARNING * * *
You feel your power leaking away.
The deep elf zephyrmancer gestures at you while chanting.
The bolt of lightning misses you.
You hit the deep elf zephyrmancer. You freeze the deep elf zephyrmancer.
The deep elf zephyrmancer is lightly wounded.
Your shadow closely misses the deep elf zephyrmancer.
You block the +5 hand axe of draining's attack.
You block the +6 vampiric war axe's attack.
A +1 dire flail of holy wrath comes into view.
You block the +7 antimagic halberd's attack.
You block the +5 hand axe of draining's attack.
You closely miss the deep elf zephyrmancer.
Your bite misses the deep elf zephyrmancer.
The deep elf zephyrmancer is lightly wounded.
You block the +6 vampiric war axe's attack.
A deep elf knight comes into view.
It is wielding a +0 long sword and wearing a +2 scale mail of willpower.
The deep elf zephyrmancer gestures at you while chanting.
The bolt of lightning misses you.
You block the +7 antimagic halberd's attack.
You miss the +6 vampiric war axe.
The +6 vampiric war axe is severely damaged.
You block the +5 hand axe of draining's attack.
You block the +6 vampiric war axe's attack.
You block the deep elf zephyrmancer's attack.
The deep elf knight gestures wildly while chanting.
The deep elf knight flickers and vanishes for a moment.
The +5 hand axe of draining hits you.
* * * LOW HITPOINT WARNING * * *
You feel drained.
The +7 antimagic halberd hits you from afar!!
You die...

##...............,,,,
##..............,,,,
##...#..........,,,*
##...###.........,,**
#...## ##........,**
##...###..)......,,**
##...#..........,,,*
##..............,,,,
##..@e...........,,,,
#...((...........,,,,
#...(......e.....,,,,
#................,,,,
##.)........###..,,,,
##.(......## **,,,,,
#.........# *,,,,,,
*#........## **,,,,,
**..........***,,,,,,


You could see a deep elf knight (invisible), a deep elf zephyrmancer and 4
dancing weapons.

Vanquished Creatures
  Nikola (Swamp:1)
  3 tentacled monstrosities
  Mlioglotl (Snake:1)
  A quicksilver dragon (Snake:4)
  2 thorn hunters
  4 fenstrider witches
  5 nagarajas
  Aizul (Snake:2)
  Louise (Swamp:2)
  An orc warlord (Bailey)
  Nessos (Orc:2)
  4 eleionomae
  8 bunyips
  A merfolk impaler (Abyss:3)
  3 shambling mangroves
  2 blizzard demons (Swamp:4)
  A rakshasa (D:14)
  3 catoblepae
  4 vault guards
  21 hydras
  2 ogre magi (Swamp:4)
  3 salamander tyrants (Snake:4)
  Erolcha (Orc:1)
  Harold (Orc:1)
  5 boulder beetles
  A merfolk avatar (Lair:5)
  2 centaur warriors (D:15)
  A spriggan air mage (Swamp:4)
  2 ghost crabs (Lair:2)
  5 anacondas
  15 alligators
  6 two-headed ogres
  5 dancing weapons
  14 naga warriors
  3 tengu warriors
  3 orc high priests (Orc:2)
  3 thrashing horrors (Abyss:3)
  13 naga sharpshooters
  4 death yaks (Lair:4)
  A spriggan berserker (Swamp:2)
  7 shock serpents
  A hell knight (Volcano)
  2 soul eaters (Swamp:4)
  6 deep elf knights
  2 salamander mystics
  3 skysharks
  A death drake (Swamp:4)
  2 sixfirhies (Swamp:4)
  A bog body (Swamp:3)
  5 sea snakes (Snake:2)
  6 spriggan druids
  7 goliath frogs
  5 deep elf archers (Elf:1)
  A deep troll (D:14)
  7 naga ritualists
  2 wizards
  Pikel (D:8)
  7 swamp dragons
  15 deep elf pyromancers
  10 deep elf zephyrmancers
  6 orc knights
  13 mana vipers
  6 cyclopes
  6 orc sorcerers
  4 will-o-the-wisps
  2 large abominations (Abyss:3)
  12 salamanders
  15 ugly things
  5 manticores
  A worldbinder (Abyss:3)
  A centaur zombie (Abyss:3)
  11 elephants
  An ice statue (Lair:2)
  17 naga magi
  45 black mambas
  7 guardian serpents
  4 smoke demons
  2 unseen horrors
  14 cane toads
  6 rime drakes
  3 kobold demonologists
  An ice devil (Lair:2)
  An efreet (D:14)
  A freezing wraith (D:15)
  10 komodo dragons
  A yaktaur (D:15)
  7 meliai (Lair:4)
  A red devil (Volcano)
  A tengu conjurer (D:14)
  5 trolls
  6 polar bears
  17 hornets
  A bloated husk (Swamp:4)
  8 tyrant leeches
  A wind drake (Lair:5)
  A queen bee (Lair:4)
  2 hellwings (Swamp:4)
  5 dream sheep (Lair:5)
  8 blink frogs
  A spectral elephant (Lair:2)
  A centaur simulacrum (D:14)
  2 shadows
  Sigmund (D:4)
  12 spriggans
  5 wyverns
  A water elemental (Elf:1)
  2 wraiths
  A human (shapeshifter) (D:13)
  2 fire elementals
  26 yaks
  2 chaos spawn (Swamp:4)
  A neqoxec (Abyss:3)
  13 vampire mosquitoes
  3 steam dragons
  5 basilisks
  38 nagas
  A warg (Orc:2)
  2 spectral cane toads (Lair:2)
  13 swamp worms
  Edmund (D:4)
  13 water moccasins
  3 hell hounds (Volcano)
  3 swamp drakes
  4 sky beasts
  3 black bears
  A spectral blink frog (Lair:2)
  11 ice beasts
  48 orc warriors
  3 ogres
  10 centaurs
  An ogre (shapeshifter) (D:14)
  15 wolves
  2 lemures (D:8)
  3 kobold brigands
  6 bullfrogs
  2 small abominations (Abyss:3)
  A necrophage (D:6)
  2 scorpions
  An earth elemental (Abyss:3)
  A hornet simulacrum (D:15)
  40 killer bees
  6 howler monkeys
  7 electric eels
  2 hounds
  2 jellies (Lair:5)
  A gnoll bouda (D:5)
  26 orc priests
  2 iguanas
  25 orc wizards
  5 hell rats (Lair:2)
  18 gnolls
  6 adders
  4 white imps
  An ufetubus (D:5)
  A worm (D:4)
  2 dart slugs
  80 orcs
  6 bats
  9 endoplasms
  2 giant cockroaches (D:1)
  23 goblins
  11 hobgoblins
  2 jackals (D:4)
  2 quokkas
  4 ball pythons
  5 frilled lizards
  22 kobolds
  4 rats
  A foxfire (Swamp:1)
  A lurking horror (Abyss:3)
1093 creatures vanquished.

Vanquished Creatures (collateral kills)
  Vashnia (Snake:2)
  A spriggan druid (Swamp:3)
  An orc (Orc:2)
3 creatures vanquished.

Vanquished Creatures (others)
  2 naga warriors (Snake:1)
  A swamp dragon (Swamp:4)
  A wizard (D:15)
  A deep elf zephyrmancer (Elf:1)
  2 orc sorcerers (Orc:2)
  2 bloated husks (Swamp:4)
  A chaos spawn (Swamp:4)
  A naga (Snake:2)
  A bullfrog (Lair:2)
  A jelly (Lair:5)
  A bush (Lair:5)
  53 foxfires
  26 fungi
  99 plants
192 creatures vanquished.

Grand Total: 1288 creatures vanquished

Notes
Turn   | Place    | Note
-------+----------+-------------------------------------------
     0 | D:1      | wogdood the Vampire Brigand began the quest for the Orb.
     0 | D:1      | Reached XP level 1. HP: 16/16 MP: 1/1
    16 | D:1      | Reached skill level 6 in Stealth
    97 | D:1      | Reached XP level 2. HP: 8/17 MP: 2/2
   308 | D:1      | Reached skill level 7 in Stealth
   433 | D:1      | Found Beboczur's Armour Shoppe.
   586 | D:1      | You fall into a shaft and drop 1 floor!
   649 | D:2      | Identified a scroll of acquirement
   649 | D:2      | Acquired the +7 Spriggan's Knife {stab, EV+4 Stlth+}
   649 | D:2      | Found the +7 Spriggan's Knife {stab, EV+4 Stlth+}
   663 | D:2      | Gained mutation: You are afflicted with vampirism and can
                  | become a bat while bloodless. [Vampire growth]
   663 | D:2      | Reached XP level 3. HP: 24/24 MP: 3/3
  1228 | D:3      | Reached skill level 8 in Stealth
  1244 | D:3      | Noticed a +0 dagger
  1244 | D:3      | Noticed a +0 dagger
  1247 | D:3      | Found a hide-covered altar of Uskayaw.
  1269 | D:3      | Reached XP level 4. HP: 29/29 MP: 4/4
  1293 | D:3      | Found a radiant altar of Vehumet.
  1454 | D:3      | Reached skill level 9 in Stealth
  1726 | D:3      | Found a sacrificial altar of Ru.
  2074 | D:4      | Reached XP level 5. HP: 38/38 MP: 5/5
  2210 | D:4      | Reached skill level 10 in Stealth
  2273 | D:4      | Noticed Sigmund
  2274 | D:4      | Noticed Edmund
  2276 | D:4      | Killed Sigmund
  2277 | D:4      | Reached skill level 11 in Stealth
  2277 | D:4      | Reached XP level 6. HP: 44/44 MP: 6/6
  2277 | D:4      | Killed Edmund
  2278 | D:4      | Reached skill level 12 in Stealth
  2543 | D:5      | Entered Level 5 of the Dungeon
  2592 | D:5      | Reached skill level 13 in Stealth
  2592 | D:5      | Reached XP level 7. HP: 49/49 MP: 7/7
  2610 | D:5      | Found a staircase to the Ecumenical Temple.
  2639 | Temple   | Entered the Ecumenical Temple
  2731 | Temple   | Became a worshipper of Dithmenos the Shadowed
  2760 | D:5      | Found an ornate altar of the Wu Jian Council.
  2923 | D:1      | Bought a +1 buckler of protection for 165 gold pieces
  3523 | D:5      | Reached skill level 1 in Shields
  3742 | D:5      | Reached XP level 8. HP: 53/57 MP: 8/8
  3758 | D:5      | Reached * piety under Dithmenos
  3759 | D:5      | Reached skill level 14 in Stealth
  5141 | D:7      | Noticed a komodo dragon
  5162 | D:7      | Killed a komodo dragon
  5163 | D:7      | Reached XP level 9. HP: 65/65 MP: 9/9
  5200 | D:7      | Reached skill level 15 in Stealth
  5208 | D:7      | Reached skill level 5 in Dodging
  5223 | D:7      | Reached ** piety under Dithmenos
  5393 | D:7      | Reached skill level 5 in Fighting
  5511 | D:7      | Reached skill level 5 in Shields
  5725 | D:8      | Reached skill level 1 in Invocations
  6005 | D:8      | Noticed Pikel
  6030 | D:8      | Killed Pikel
  6031 | D:8      | Reached XP level 10. HP: 70/77 MP: 11/11
  6300 | D:8      | Noticed a two-headed ogre
  6318 | D:8      | Killed a two-headed ogre
  6321 | D:8      | Reached *** piety under Dithmenos
  6813 | D:9      | Found a flagged portal.
  6843 | Bailey   | Entered a bailey
  7182 | Bailey   | Reached **** piety under Dithmenos
  7250 | Bailey   | Noticed an orc warlord
  7375 | Bailey   | Killed an orc warlord
  7393 | Bailey   | Got Toytwuck's Precepts of Leadership
  7487 | D:9      | Reached XP level 11. HP: 86/86 MP: 14/14
  7546 | D:9      | Reached skill level 5 in Invocations
  7843 | D:9      | Found a stormy altar of Qazlal.
  7867 | D:9      | Noticed a two-headed ogre
  7870 | D:9      | Noticed a two-headed ogre
  7874 | D:9      | Killed a two-headed ogre
  7880 | D:9      | Killed a two-headed ogre
  8045 | D:9      | Noticed a two-headed ogre
  8053 | D:9      | Killed a two-headed ogre
  8054 | D:9      | Reached skill level 16 in Stealth
  8283 | D:10     | Entered Level 10 of the Dungeon
  8289 | D:10     | Found a staircase to the Orcish Mines.
  8328 | D:10     | Noticed a sun demon
  8538 | D:10     | Found Kiypuv's Book Shoppe.
  8582 | D:10     | Found a staircase to the Lair.
  8907 | D:10     | Found a broken altar of Ashenzari.
  8938 | D:10     | Found an opulent altar of Gozag.
  9031 | D:10     | Noticed a cyan ugly thing
  9043 | D:10     | Killed a cyan ugly thing
  9068 | D:10     | Reached ***** piety under Dithmenos
  9069 | D:10     | Reached skill level 10 in Dodging
  9284 | D:10     | Found an iron altar of Okawaru.
  9595 | D:11     | Noticed a two-headed ogre
  9601 | D:11     | Killed a two-headed ogre
  9959 | D:11     | Found Kopaennu's Assorted Antiques.
  9970 | D:11     | Bought a scroll of identify for 54 gold pieces
  9970 | D:11     | Bought a scroll of identify for 54 gold pieces
  9970 | D:11     | Bought a potion of heal wounds for 135 gold pieces
  9970 | D:11     | Bought a scroll labelled MOPNAMPAS RYNOMO for 27 gold
                  | pieces
 10095 | D:12     | Found a broken altar of Ashenzari.
 10457 | D:12     | Reached XP level 12. HP: 97/97 MP: 17/17
 10593 | D:12     | Noticed a boulder beetle
 10605 | D:12     | Killed a boulder beetle
 10869 | Lair:1   | Entered Level 1 of the Lair of Beasts
 10930 | Lair:1   | Reached skill level 10 in Fighting
 10980 | Lair:1   | Found a dark tunnel.
 10989 | Volcano  | Entered a volcano
 11111 | Volcano  | Reached skill level 17 in Stealth
 11219 | Volcano  | Reached skill level 10 in Invocations
 11219 | Volcano  | Reached XP level 13. HP: 83/83 MP: 17/20
 12022 | Lair:2   | Found a staircase to the Snake Pit.
 12563 | Lair:2   | Reached XP level 14. HP: 111/112 MP: 22/22
 12580 | Lair:2   | Found a staircase to the Swamp.
 12942 | D:10     | Bought a manual of Shields for 800 gold pieces
 13576 | Lair:5   | Entered Level 5 of the Lair of Beasts
 13581 | Lair:5   | Identified the +0 helmet "Zuelear" {rC+ Str+2}
 13631 | Lair:5   | Reached skill level 1 in Long Blades
 13772 | Lair:5   | Found a staircase to the Slime Pits.
 13773 | Lair:5   | Found a viscous altar of Jiyva.
 13907 | Lair:5   | Reached skill level 18 in Stealth
 14034 | Lair:5   | Identified the +3 dagger of Autumn {freeze, +Blink Int+3}
 16204 | Lair:5   | Reached XP level 15. HP: 92/95 MP: 24/24
 17140 | Orc:1    | Entered Level 1 of the Orcish Mines
 17233 | Orc:1    | Found Momm's Weapon Emporium.
 17350 | Orc:1    | Found Igeaxt's Antique Armour Emporium.
 17353 | Orc:1    | Noticed Erolcha
 17380 | Orc:1    | Killed Erolcha
 17479 | Orc:2    | Entered Level 2 of the Orcish Mines
 17500 | Orc:1    | Found Moifroxi's Weapon Emporium.
 17622 | Orc:1    | Found Pitzonwi's Jewellery Shop.
 17622 | Orc:1    | Noticed Harold
 17639 | Orc:1    | Killed Harold
 17917 | Orc:1    | Found Cynol's Assorted Antiques.
 17920 | Orc:1    | Bought a slimy robe for 148 gold pieces
 17920 | Orc:1    | Identified the +2 robe of Broken Taboos {rC+ Str+2} (You
                  | bought it in a shop on level 1 of the Orcish Mines)
 17920 | Orc:1    | Bought a pair of boots for 117 gold pieces
 18049 | Orc:2    | Found a staircase to the Elven Halls.
 18138 | Orc:2    | Noticed Nessos
 18144 | Orc:2    | Killed Nessos
 18335 | Orc:2    | Found a burning altar of Makhleb.
 18657 | Orc:2    | Identified the +10 dagger of Utoxobusm {pain, Drain rC++
                  | rCorr Stlth+}
 19193 | Orc:2    | Found Omusyng's Assorted Antiques.
 19193 | Orc:2    | Found Jipit's Book Shoppe.
 19411 | Orc:2    | Found Amiexowk's Antique Armour Shop.
 19411 | Orc:2    | Found Taadgh's Assorted Antiques.
 19443 | Orc:2    | Bought an embroidered robe for 114 gold pieces
 19443 | Orc:2    | Bought an embroidered robe for 114 gold pieces
 19443 | Orc:2    | Bought an embroidered robe for 114 gold pieces
 19447 | Orc:2    | Bought a black opal-encrusted chain mail for 323 gold
                  | pieces
 19447 | Orc:2    | Identified the +7 chain mail "Baangex" {rElec rCorr} (You
                  | bought it in a shop on level 2 of the Orcish Mines)
 19734 | D:13     | Reached skill level 19 in Stealth
 19855 | D:13     | Identified the ring of Panentheism {rF++ Dex+3 Slay+4}
 20102 | D:13     | Found a gate to the Vaults.
 20583 | D:13     | Identified the +4 chain mail of the Aged Persimmons {rElec
                  | rCorr Dex-4 Stlth+}
 21490 | D:14     | Identified the amulet "Hazos" {RegenMP Str+4}
 22003 | D:15     | Entered Level 15 of the Dungeon
 22266 | Abyss:3  | Cast into level 3 of the Abyss (a wizard)
 22313 | Abyss:3  | Noticed a tentacled starspawn
 22491 | Abyss:3  | Paralysed by a great orb of eyes for 5 turns
 22502 | Abyss:3  | Noticed a daeva
 22512 | Abyss:3  | Noticed a tentacled starspawn
 22610 | Abyss:3  | Found a corrupted altar of Lugonu.
 22617 | Abyss:3  | Noticed a black draconian knight
 22625 | Abyss:3  | Noticed a hellephant
 22648 | Abyss:3  | Got an abyssal rune of Zot
 22675 | Abyss:3  | Found a corrupted altar of Lugonu.
 22753 | D:15     | Escaped the Abyss
 23002 | Orc:1    | Bought a scroll of teleportation for 78 gold pieces
 23002 | Orc:1    | Bought a scroll labelled BEITUU RETSATY for 26 gold pieces
 23152 | D:14     | Reached XP level 16. HP: 107/107 MP: 27/27
 23326 | D:15     | Reached skill level 15 in Invocations
 23375 | D:15     | Found a blossoming altar of Fedhas.
 23511 | D:14     | Reached skill level 1 in Evocations
 23630 | D:15     | Found a staircase to the Depths.
 23657 | D:15     | Reached skill level 5 in Long Blades
 24032 | Swamp:1  | Entered Level 1 of the Swamp
 24180 | Swamp:1  | Acquired the +7 quick blade "Takhle Qyrru" {freeze, rPois
                  | rF+}
 24493 | Swamp:1  | Noticed Nikola
 24500 | Swamp:1  | Killed Nikola
 24817 | Snake:1  | Entered Level 1 of the Snake Pit
 25809 | Swamp:2  | Noticed Louise
 25818 | Swamp:2  | Killed Louise
 27358 | Swamp:3  | Paralysed by a fenstrider witch for 4 turns
 27407 | Swamp:3  | You fall into a shaft and drop 1 floor!
 27407 | Swamp:4  | Entered Level 4 of the Swamp
 27541 | Swamp:4  | Noticed a thorn hunter
 27548 | Swamp:4  | Killed a thorn hunter
 27549 | Swamp:4  | Reached skill level 5 in Evocations
 27573 | Swamp:4  | Reached skill level 1 in Armour
 27579 | Swamp:4  | Reached XP level 17. HP: 128/140 MP: 28/28
 27713 | Swamp:4  | Noticed a tentacled monstrosity
 27726 | Swamp:4  | Killed a tentacled monstrosity
 27938 | Swamp:3  | Reached skill level 10 in Shields
 29209 | Swamp:4  | Reached skill level 15 in Fighting
 29587 | Swamp:4  | Noticed a tentacled monstrosity
 29613 | Swamp:4  | Killed a tentacled monstrosity
 29793 | Swamp:4  | HP: 5/142 [poison]
 30266 | Swamp:4  | Got a decaying rune of Zot
 31111 | Snake:1  | Got the Grimoire of the Traveller and Calefaction
 31255 | Snake:1  | Reached skill level 5 in Armour
 31464 | Snake:2  | Noticed Vashnia
 32529 | Snake:2  | Reached XP level 18. HP: 134/150 MP: 29/29
 32803 | Snake:2  | Noticed Mlioglotl
 32894 | Snake:1  | Killed Mlioglotl
 33125 | Snake:2  | Killed Vashnia
 33408 | Snake:2  | Noticed Aizul
 33417 | Snake:2  | Killed Aizul
 33496 | Snake:2  | Identified the +1 war axe of Dishonour {heavy, +Blink rC-
                  | Int+2}
 34137 | Snake:3  | Identified the +1 leather armour of Huniptim {rPois Dex+2}
 34209 | Snake:3  | Found Gunon's Gadget Gallery.
 34310 | Snake:3  | Reached skill level 20 in Stealth
 34373 | Snake:3  | Found a flickering gateway to a bazaar.
 34382 | Bazaar   | Entered a bazaar
 34416 | Bazaar   | Found Elewinn's Book Boutique.
 34423 | Bazaar   | Found Killoipn's Magic Scroll Shop.
 34427 | Bazaar   | Found Quapt's Jewellery Boutique.
 34448 | Bazaar   | Found Fol Kuxy's General Store.
 34485 | Bazaar   | Bought a scroll of acquirement for 520 gold pieces
 34485 | Bazaar   | Bought a scroll of teleportation for 30 gold pieces
 34485 | Bazaar   | Bought a scroll of fog for 40 gold pieces
 34485 | Bazaar   | Bought a scroll of fear for 40 gold pieces
 34525 | Snake:3  | Acquired a +0 demon blade of electrocution
 34614 | Snake:3  | Got Hanypeeb's Grimoire of Shocking Attacks
 34642 | Snake:3  | Noticed a tentacled monstrosity
 34777 | Snake:3  | Killed a tentacled monstrosity
 35050 | Snake:3  | Bought a lightning rod (4/4) for 390 gold pieces
 36195 | Snake:4  | Entered Level 4 of the Snake Pit
 37843 | Snake:4  | Got a serpentine rune of Zot
 38152 | Elf:1    | Entered Level 1 of the Elven Halls
 38212 | Elf:1    | Found Wigaomit's Distillery.
 38311 | Elf:1    | Reached XP level 19. HP: 31/156 MP: 24/30
 38624 | Elf:1    | Bought a potion of haste for 190 gold pieces
 38903 | Elf:1    | HP: 4/127 [deep elf zephyrmancer/bolt of lightning (35)]
 39766 | Elf:2    | Reached skill level 21 in Stealth
 39931 | Elf:2    | Mangled by a +7 antimagic halberd

Illustrated notes

Levels and vault maps discovered:
D:1:      lemuel_arrival_broad_hall, layout_loops_ring, serial_shops,
          nicolae_shop_hallway_plus
D:2:      layout_loops_cross
D:3:      layout_loops_ring, dancing_weapons_uskayaw, vehumet_crystals,
          mainiacjoe_overflow_alcove_2, minmay_quantized
D:4:      layout_basic, zin_academy, chequers_serial_rivers_room_b,
          serial_bayou_ford_a, sigmund_edmund_badplayer
D:5:      layout_basic, mainiacjoe_overflow_surrounded_room,
          minmay_temple_entry_drinking_statues, minmay_small_thing
D:6:      layout_loops_corners, nicolae_tso_carved_into_rock, serial_glass,
          glass_columns_a, glass_columns_a
D:7:      layout_basic, dreamdust_wishing_well
D:8:      layout_cave_pods, uniq_pikel
D:9:      layout_loops_cross, grunt_qazlal_clouds, enter_bailey_7,
          minmay_misc_feat_cross, kennysheep_diamond
D:10:     layout_cave_pods, okawaru_altar_gauntlet_db,
          mainiacjoe_overflow_two_lobes, lair_entry_dummy, david_orc_2,
          serial_shops, shop, small_statue_alley_a, kennysheep_generic_room_15
D:11:     layout_loops_ring, serial_shops, nicolae_shop_overgrown_old_shop,
          kennysheep_cross_bottleneck
D:12:     layout_gridville, nicolae_ashenzari_skybound
D:13:     layout_long_grid, lightli_vaults_fourway_checkpoint,
          serial_bayou_pond_d
D:14:     layout_roguey
D:15:     hangedman_depths_entry_civil_slaughter, layout_rooms,
          fedhas_altar_fruit_tree
Temple:   hellmonk_temple_flake
Lair:1:   minmay_lair_oklob_tunnel, layout_misc_corridors,
          lightli_volcano_entry_magma_tube, beast_lair_carwin_2,
          infiniplex_staircase_pool
Lair:2:   layout_cave_shapes, nicolae_swamp_entry_spooky,
          guppyfry_snake_entry_island, chequers_serial_rivers_small_a,
          st_stairs_13, ice2_lemuel, grunt_megastairs_4
Lair:3:   layout_misc_corridors
Lair:4:   regret_index_combs_of_tragedy, layout_regular_city, lookout_lair_type,
          lemuel_fruit_tree
Lair:5:   gammafunk_lair_ancient_temple, layout_regular_city,
          nicolae_slime_entry_slimehenge, st_stairs_12,
          chequers_serial_rivers_large_a, minivault_11
Swamp:1:  layout_basic_swamp, evilmike_swamp_ruin_rubble_1, uniq_nikola
Swamp:2:  cheibrodos_swamp_heart_of_darkness, layout_basic_swamp,
          hangedman_swamp_diagram, infiniplex_staircase_pool_2, uniq_louise
Swamp:3:  layout_falls_marsh, hangedman_swamp_ruin_hall
Swamp:4:  nzn_swamp_witches_coven, layout_basic_swamp
Snake:1:  layout_grid_shapes, grunt_ministairs_7, nicolae_snake_biting_tails,
          hangedman_snake_corridor_split
Snake:2:  layout_basic, serial_bayou, serial_bayou_shore_a, serial_bayou_pond_c,
          serial_bayou_shore_b, serial_bayou_pond_d, serial_bayou_shore_b,
          uniq_vashnia, uniq_mlioglotl, uniq_aizul
Snake:3:  onia_ninara_swampy_vault, layout_gridlike, serial_shops,
          bzr_entry_dummy, nicolae_shop_gadgets
Snake:4:  hellmonk_snake_rune_quicksilver_temple, layout_cave_town,
          serial_shops, bzr_in_the_mist
Orc:1:    minmay_goldmine, layout_caves, serial_shops, nicolae_shop_waterfront,
          nicolae_shop_bloodbath_and_beyond, nicolae_shop_stone, shop,
          nicolae_shop_behind_doors, uniq_harold, uniq_erolcha
Orc:2:    grunt_orc_tribal_feast, layout_caves, basic_altar,
          nicolae_orc_sculptors_studio, uniq_nessos
Elf:1:    layout_loops_cross, serial_shops, shop, minmay_elf_crystal_hexagon
Elf:2:    elven_hall_of_blades_hangedman_original
          [nicolae_blade_entry_antechamber], layout_rooms

Skill      XL: |  1  2  3  4  5  6  7  8  9 10 11 12 13 14 15 16 17 18 19 |
---------------+----------------------------------------------------------+-----
Stealth        | 6 7 8 9 11 13 14 15 16 17 18 19 20 21 | 21.0
Fighting       | 2 4 6 8 9 10 11 12 14 15 16 | 16.5
Shields        | 1 3 5 7 8 9 11 12 | 12.5
Dodging        | 2 4 6 8 10 11 12 13 14 | 14.7
Invocations    | 2 4 6 10 11 12 14 15 | 15.0
Long Blades    | 3 4 7 8 9 |  9.9
Evocations     | 5 6 7 |  7.8
Armour         | 1 5 7 |  7.5
Short Blades   | |  2.1
Throwing       | |  1.5

Action                     |  1- 3 |  4- 6 |  7- 9 | 10-12 | 13-15 | 16-18 | 19-21 || total
---------------------------+-------+-------+-------+-------+-------+-------+-------++-------
  Melee: Dagger            |    45 |     2 |   115 |   131 |   115 |    39 |       ||   447
         Knife             |    19 |    54 |   282 |   526 |  1427 |   209 |    27 ||  2544
         Bite              |     3 |     5 |    62 |   101 |   359 |   394 |    15 ||   939
         Punch             |     1 |       |       |       |       |       |       ||     1
         Rapier            |       |       |       |       |   339 |   470 |       ||   809
         Scimitar          |       |       |       |       |    50 |   211 |       ||   261
         Quick blade       |       |       |       |       |       |   856 |       ||   856
         Demon blade       |       |       |       |       |       |   300 |    63 ||   363
  Throw: Dart              |     3 |       |     7 |     9 |     6 |       |       ||    25
         Throwing net      |       |       |     1 |     2 |       |       |       ||     3
 Invoke: Shadow Form       |       |       |       |       |     7 |     5 |     1 ||    13
         Shadow Step       |       |       |       |       |     4 |     1 |       ||     5
Ability: Exsanguinate      |     1 |       |       |     1 |     3 |     1 |     1 ||     7
         Revivify          |     1 |       |       |       |     4 |       |     1 ||     6
         Evoke Blink       |       |       |       |       |       |     1 |       ||     1
  Evoke: Wand              |       |       |     5 |    14 |    37 |    22 |       ||    78
         Phantom mirror    |       |       |       |       |     2 |     6 |     1 ||     9
         Phial of floods   |       |       |       |       |     2 |     2 |       ||     4
         Box of beasts     |       |       |       |       |     1 |     5 |       ||     6
         Lightning rod     |       |       |       |       |       |     1 |       ||     1
    Use: Scroll            |     5 |     4 |     8 |     7 |    27 |    28 |     3 ||    82
         Potion            |       |       |       |     5 |    28 |    26 |     2 ||    61
   Stab: Sleeping          |    18 |    15 |    11 |    47 |    69 |    66 |    17 ||   243
         Distracted        |     1 |       |     3 |     3 |    19 |    32 |     1 ||    59
         Held in net/web   |       |       |     1 |     1 |       |       |       ||     2
         Invisible         |       |       |       |    18 |    90 |    23 |     2 ||   133
         Petrified         |       |       |       |       |     1 |       |       ||     1
 Armour: Robe              |    19 |       |       |       |       |       |       ||    19
         Leather armour    |     2 |     9 |    88 |    52 |       |       |       ||   151
         Troll leather arm |       |       |       |    14 |   288 |    38 |       ||   340
         Swamp dragon scal |       |       |       |       |       |   187 |       ||   187
         Quicksilver drago |       |       |       |       |       |     3 |     5 ||     8
  Dodge: Dodged            |    38 |    25 |   312 |   509 |  2117 |  1287 |    37 ||  4325
  Block: Other             |       |     6 |       |       |       |       |       ||     6
         Buckler           |       |       |   252 |   427 |  1498 |       |       ||  2177
         Reflection        |       |       |     6 |     4 |    40 |   178 |     7 ||   235
         Kite shield       |       |       |       |       |   308 |  1266 |       ||  1574
         Tower shield      |       |       |       |       |       |  1247 |    94 ||  1341

Table legend: (Time is in decaauts)
 A = Elapsed time spent in this place.
 B = Non-inter-level travel time spent in this place.
 C = Inter-level travel time spent in this place.
 D = Time resting spent in this place.
 E = Time spent auto-exploring this place.
 F = Levels seen in this place.
 G = Mean time per level.
                   A        B        C        D        E       F      G
               +--------+--------+--------+--------+--------+-----+--------+
         Total |  39725 |  36442 |   3283 |   6435 |  15932 |  37 | 1073.6 |
       Dungeon |  13979 |  12411 |   1568 |    661 |   8175 |  15 |  931.9 |
        Temple |    101 |     92 |      9 |      0 |     74 |   1 |  101.0 |
          Lair |   6598 |   5798 |    800 |    749 |   2140 |   5 | 1319.6 |
         Swamp |   5624 |   5334 |    290 |   1649 |   1355 |   4 | 1406.0 |
     Snake Pit |   7649 |   7352 |    297 |   2344 |   2159 |   4 | 1912.2 |
  Orcish Mines |   2593 |   2300 |    293 |    217 |   1130 |   2 | 1296.5 |
   Elven Halls |   1757 |   1733 |     24 |    757 |    516 |   2 |  878.5 |
         Abyss |    483 |    483 |      0 |     54 |     40 |   1 |  483.0 |
        Bazaar |    141 |    141 |      0 |      0 |     71 |   1 |  141.0 |
        Bailey |    556 |    556 |      0 |      2 |    142 |   1 |  556.0 |
       Volcano |    240 |    240 |      0 |      0 |    129 |   1 |  240.0 |
               +--------+--------+--------+--------+--------+-----+--------+

Top non-repeatable levels by time:
 Snake:2: 2153 daAuts
 Snake:3: 2001 daAuts
 Swamp:4: 1925 daAuts
  Lair:2: 1824 daAuts
  Lair:4: 1789 daAuts
 Snake:4: 1780 daAuts
 Snake:1: 1714 daAuts
   Orc:2: 1669 daAuts
   Elf:1: 1580 daAuts
 Swamp:2: 1490 daAuts
    D:10: 1416 daAuts
  Lair:5: 1387 daAuts
 Swamp:3: 1351 daAuts
    D:13: 1201 daAuts
     D:8: 1065 daAuts
